 Dungeon Crawl Stone Soup version 0.28.0-45-g0d030f2227 (webtiles) character file.

Game seed: 6450333477458318863

1161 pkoi the Gusty (level 8, 0/36 HPs)
             Began as a Spriggan Air Elementalist on Apr 21, 2022.
             Slain by a wyvern zombie (6 damage)
             ... on level 5 of the Dungeon.
             The game lasted 00:07:08 (6096 turns).

pkoi the Gusty (Spriggan Air Elementalist)          Turns: 6096, Time: 00:07:09

Health: 0/36       AC:  3    Str:  4    XL:     8   Next: 16%
Magic:  9/19       EV: 17    Int: 22    God:
Gold:   192        SH:  0    Dex: 16    Spells: 13/20 levels left

rFire   . . .      SeeInvis +   j - staff of conjuration
rCold   + + .      Faith    .   (shield currently unavailable)
rNeg    . . .      Spirit   .   a - +1 robe
rPois   .          Reflect  .   (helmet restricted)
rElec   .          Harm     .   (no cloak)
rCorr   .          Rampage  .   (gloves unavailable)
Will    ++...                   (boots unavailable)
Stlth   ++........              (no amulet)
HPRegen 0.12/turn               i - ring of willpower
MPRegen 0.16/turn               k - ring of Sedem {Wiz *Slow rC++ Int+4}

@: very quick
A: very small, no large weapons, unfitting armour, see invisible, speed 3
a: no special abilities


You were on level 5 of the Dungeon.
You visited 1 branch of the dungeon, and saw 5 of its levels.

You collected 192 gold pieces.

Inventory:

Hand Weapons
 c - a +0 dagger
Armour
 a - a +1 robe (worn)
Magical Staves
 j - a staff of conjuration (weapon)
Jewellery
 i - a ring of willpower (left hand)
 k - the ring of Sedem (right hand) {Wiz *Slow rC++ Int+4}
   (You acquired it on level 4 of the Dungeon)

   [ring of wizardry]

   It improves your spell success rate.
   Int:       It affects your intelligence (+4).
   rC:        It greatly protects you from cold.
   *Slow:     It may slow you when you take damage.
 r - a +6 ring of dexterity
Wands
 d - a wand of polymorph (1)
 m - a wand of iceblast (1)
 t - a wand of acid (11)
Scrolls
 h - 2 scrolls of identify
 n - a scroll of blinking {unknown}
 p - a scroll of teleportation {unknown}
Potions
 b - 3 potions of magic {unknown}
 e - 2 potions of attraction {unknown}
 f - a potion of might {unknown}
 g - 5 potions of curing {unknown}
 l - a potion of brilliance
 o - a potion of mutation {unknown}
 q - a potion of berserk rage {unknown}
 s - 3 potions of resistance {unknown}
 u - 2 potions of degeneration {unknown}
 v - a potion of cancellation {unknown}


   Skills:
 - Level 2.7 Dodging
 - Level 3.0 Stealth
 + Level 6.8 Spellcasting
 - Level 2.0 Conjurations
 * Level 7.5 Air Magic


You had 13 spell levels left.
You knew the following spells:

 Your Spells              Type           Power      Damage    Failure   Level
a - Shock                 Conj/Air       100%       1d9       1%          1
b - Static Discharge      Conj/Air       42%        N/A       1%          2
c - Airstrike             Air            20%        N/A       1%          4

Your spell library contained the following spells:

 Spells                   Type           Power      Damage    Failure   Level
 Swiftness                Air            40%        N/A       1%          3
 Sandblast                Erth           14%        2d6       3%          1
 Passwall                 Tmut/Erth      5%         N/A       5%          2
 Stone Arrow              Conj/Erth      34%        3d9       7%          3
 Sticky Flame             Conj/Fire      17%        2d4       22%         4
 Dispel Undead            Necr           7%         3d8       32%         4


Dungeon Overview and Level Annotations

Branches:
Dungeon (5/15)             Temple (0/1) D:5

Altars:


Innate Abilities, Weirdness & Mutations

You are very small and have problems with some larger weapons.
You are too small for most types of armour.
You have supernaturally acute eyesight. (SInv)
You cover ground extremely quickly. (Speed+++)


Message History

Aiming: Shock (safe; 1% risk of failure)
Press: ? - help, Q - select action, (/) - cycle Shift-Dir - straight line, f/p - yak
Aim: a yak (heavily wounded, 84% to hit)
You feel a surge of power!
The zap hits the wyvern zombie.
The wyvern zombie is heavily damaged.
The zap hits the yak.
The yak is severely wounded.
Things that are here:
a +0 flail; a +0 flail
Aiming: Shock (safe; 1% risk of failure)
Press: ? - help, Q - select action, (/) - cycle Shift-Dir - straight line, f/p - yak
Aim: a yak (severely wounded, 84% to hit)
You feel a surge of power!
The zap hits the wyvern zombie!
The wyvern zombie is severely damaged.
The zap hits the yak!
The yak is severely wounded.
Aiming: Shock (safe; 1% risk of failure)
Press: ? - help, Q - select action, (/) - cycle Shift-Dir - straight line, f/p - yak
Aim: a yak (severely wounded, 84% to hit)
You feel a surge of power!
The zap hits the wyvern zombie.
The wyvern zombie is severely damaged.
The zap hits the yak.
The yak is almost dead.
The zap hits the yak.
The yak is heavily wounded.
The wyvern zombie misses you.
Aiming: Shock (safe; 1% risk of failure)
Press: ? - help, Q - select action, (/) - cycle Shift-Dir - straight line, f - wyvern zombie
Aim: a wyvern zombie (severely damaged, 91% to hit)
You feel a surge of power!
The zap misses the wyvern zombie.
Unknown command.
Aiming: Shock (safe; 1% risk of failure)
Press: ? - help, Q - select action, (/) - cycle Shift-Dir - straight line, f/p - wyvern zombie
Aim: a wyvern zombie (severely damaged, 91% to hit)
You feel a surge of power!
The zap hits the wyvern zombie.
The wyvern zombie is almost destroyed.
Unknown command.
There is a stone staircase leading up here.
The wyvern zombie bites you.
You die...

.....###......#.#
.Y..).))......#.# #####
..##.###.#.####.# #...#
.##.Y###.Y.####.# #...#
.##..........##.###...#
.##..........##.##....#
>............##.##....#
.............##.##....#
.....##...####.Z@...###
...####...Y......#.#.#
........####..#.#..#.#
....##.###......#.##.#
....#..# #.#..###....#
###.#.####.##.###..#.#
###.#.###..##........#
.##.#.#...#..........#
....#.#.###..........#


You could see a yak and a wyvern zombie.

Vanquished Creatures
  Sigmund (D:4)
  Edmund (D:4)
  A centaur (D:5)
  A phantom (D:5)
  Blork the orc (D:4)
  2 scorpions
  5 hounds
  3 orc priests (D:4)
  Jessica (D:2)
  Ijyb (D:3)
  2 orc wizards (D:4)
  A hound skeleton (D:2)
  4 gnolls (D:5)
  6 adders
  2 worms
  A dart slug (D:2)
  10 orcs
  8 ball pythons
  5 bats
  4 endoplasms
  4 giant cockroaches
  3 goblins
  5 hobgoblins
  3 kobolds
  2 quokkas
  4 frilled lizards
  17 rats
98 creatures vanquished.

Vanquished Creatures (others)
  9 plants
9 creatures vanquished.

Grand Total: 107 creatures vanquished

Notes
Turn   | Place    | Note
-------+----------+-------------------------------------------
     0 | D:1      | pkoi the Spriggan Air Elementalist began the quest for the
                  | Orb.
     0 | D:1      | Reached XP level 1. HP: 9/9 MP: 5/5
   240 | D:1      | Reached skill level 3 in Air Magic
   408 | D:1      | Reached XP level 2. HP: 13/13 MP: 3/6
  1545 | D:2      | Reached XP level 3. HP: 16/16 MP: 4/8
  1711 | D:2      | Found a faded altar of an unknown god.
  1720 | D:2      | Learned a level 2 spell: Static Discharge
  1868 | D:2      | Noticed Jessica
  1883 | D:2      | Killed Jessica
  1884 | D:2      | Reached skill level 1 in Conjurations
  1976 | D:2      | Reached XP level 4. HP: 21/21 MP: 2/10
  2013 | D:2      | Reached skill level 4 in Air Magic
  2349 | D:2      | You fall into a shaft and drop 1 floor!
  2420 | D:3      | Noticed Ijyb
  2960 | D:3      | Killed Ijyb
  2961 | D:3      | Reached XP level 5. HP: 21/24 MP: 2/12
  3513 | D:4      | Identified a scroll of acquirement
  3513 | D:4      | Acquired the ring of Sedem {Wiz *Slow rC++ Int+4}
  3521 | D:4      | Learned a level 4 spell: Airstrike
  3535 | D:4      | Noticed Sigmund
  3549 | D:4      | Killed Sigmund
  3550 | D:4      | Reached skill level 5 in Air Magic
  3550 | D:4      | Reached XP level 6. HP: 27/28 MP: 7/14
  4081 | D:4      | Reached skill level 5 in Spellcasting
  4123 | D:4      | Noticed Edmund
  4160 | D:4      | Killed Edmund
  4161 | D:4      | Reached XP level 7. HP: 32/32 MP: 4/16
  4286 | D:4      | Reached skill level 6 in Air Magic
  4449 | D:4      | Noticed Blork the orc
  4461 | D:4      | Killed Blork the orc
  5063 | D:5      | Entered Level 5 of the Dungeon
  5194 | D:5      | Reached skill level 7 in Air Magic
  5270 | D:5      | Reached XP level 8. HP: 21/36 MP: 5/18
  5395 | D:5      | Found a staircase to the Ecumenical Temple.
  6096 | D:5      | Slain by a wyvern zombie

Illustrated notes

Levels and vault maps discovered:
D:1:      dpeg_arrival_court, layout_basic, serial_forest,
          infiniplex_forest_straight_3, infiniplex_forest_clump_cross,
          infiniplex_forest_lined_room_3, infiniplex_forest_clump_diagonal,
          infiniplex_forest_side_room, infiniplex_forest_clump_cross,
          grunt_decor_fettered
D:2:      layout_basic, basic_ecumenical_altar, uniq_jessica
D:3:      layout_loops_cross, serial_forest, infiniplex_forest_straight_3,
          infiniplex_forest_lined_corner, infiniplex_forest_end_3,
          infiniplex_forest_lined_3, infiniplex_forest_fountain,
          infiniplex_forest_lined_4_way, infiniplex_forest_clump_curved,
          portal_sewer_entry_b, minmay_fractal_squares_gapless_5, uniq_ijyb
D:4:      layout_basic, uniq_blork_the_orc, uniq_sigmund, uniq_edmund
D:5:      layout_rooms, minmay_temple_entry_glass

Skill      XL: |  1  2  3  4  5  6  7 |
---------------+----------------------+-----
Air Magic      | 3 4 5 7 |  7.5
Spellcasting   | 3 4 5 6 |  6.8
Conjurations   | 1 2 |  2.0
Dodging        | |  2.7
Stealth        | |  3.0

Action                   |  1- 3 |  4- 6 |  7- 9 || total
-------------------------+-------+-------+-------++-------
Melee: Dagger            |     3 |     6 |       ||     9
       Staff             |       |     3 |       ||     3
 Cast: Shock             |    72 |   101 |    66 ||   239
       Airstrike         |       |       |     9 ||     9
  Use: Scroll            |     4 |     2 |       ||     6
Armor: Robe              |       |     4 |     3 ||     7
Dodge: Dodged            |     8 |    13 |    18 ||    39
